 Dungeon Crawl Stone Soup version 0.20-a0-556-g892c87b (webtiles) character file.

76 polly the Magician (level 4, 0/24 HPs)
             Began as a Deep Elf Wizard on Feb 5, 2017.
             Slain by an orc
             ... wielding a +0 mace
              (8 damage)
             ... on level 3 of the Dungeon.
             The game lasted 00:02:27 (1612 turns).

polly the Magician (Deep Elf Wizard)                Turns: 1612, Time: 00:02:28

Health: 0/24       AC:  2    Str:  4    XL:     4   Next: 12%
Magic:  6/14       EV: 12    Int: 24    God:
Gold:   116        SH:  0    Dex: 13    Spells: 14/15 levels left

rFire    . . .     SeeInvis .   (no weapon)
rCold    . . .     Gourm    .   a - +0 robe
rNeg     . . .     Faith    .   (no shield)
rPois    .         Spirit   .   b - +0 hat
rElec    .         Reflect  .   (no cloak)
rCorr    .         Harm     .   (no gloves)
MR       .....                  (no boots)
Stlth    ++........             (no amulet)
Regen    0.1/turn               (no ring)
                                (no ring)

@: very slightly contaminated, drained
A: no striking features
a: no special abilities


You were on level 3 of the Dungeon.
You were not hungry.

You visited 1 branch of the dungeon, and saw 3 of its levels.

You collected 116 gold pieces.

Inventory:

Armour
 a - a +0 robe (worn)
 b - a +0 hat (worn)
Jewellery
 o - a cursed -3 ring of protection {unknown}
Scrolls
 e - a scroll of remove curse {unknown}
 f - a scroll of enchant weapon {unknown}
 h - 2 scrolls of immolation {unknown}
 k - 2 scrolls of amnesia {unknown}
 l - a scroll of identify {unknown}
 m - a scroll of magic mapping {unknown}
Potions
 i - a potion of berserk rage {unknown}
 j - a potion of curing {unknown}
 q - 2 potions of ambrosia {unknown}
Books
 c - a book of Minor Magic

   Spells                             Type                      Level
   a - Magic Dart                     Conjuration                  1
   b - Blink                          Translocation                2
   c - Call Imp                       Summoning                    2
   d - Repel Missiles                 Charms/Air                   2
   e - Slow                           Hexes                        2
   f - Conjure Flame                  Conjuration/Fire             3
   g - Mephitic Cloud                 Conjuration/Poison/Air       3
Comestibles
 d - a bread ration
 g - 3 fruits
 n - a royal jelly
 p - 2 chunks of flesh


   Skills:
 + Level 2.8(2.3) Dodging
 + Level 2.7(2.2) Stealth
 + Level 6.3(5.8) Spellcasting
 + Level 1.5(1.1) Conjurations
   Level 1.1(0.6) Summonings
   Level 1.1(0.6) Translocations


You had 14 spell levels left.
You knew the following spells:

 Your Spells              Type           Power        Failure   Level  Hunger
a - Magic Dart            Conj           ##..         6%          1    None


Dungeon Overview and Level Annotations

Branches:
Dungeon (3/15)

Altars:


Message History

Confirm with . or Enter, or press ? or * to list all spells.
Aiming: Magic Dart
Press: ? - help, Shift-Dir - straight line, f/p - orc wizard
Aim: an orc wizard, wielding a dagger of draining and wearing a robe (moderately wounded)
The magic dart hits the orc wizard.
The orc wizard is heavily wounded.
The kobold shouts!
The orc shouts!
Casting: Magic Dart
Confirm with . or Enter, or press ? or * to list all spells.
Okay, then.
The leopard gecko closely misses you. x2
You climb upwards.
There is a stone staircase leading down here.
The leopard gecko bites you but does no damage.
You climb downwards.
The orc wizard hits you but does no damage.
You feel drained. The orc hits you but does no damage.
The orc wizard hits you with a dagger of draining.
You feel drained. The orc hits you with a mace!
You die...

## .# .
###o##....
#.@lKo....
#...oo......
...............
.....#.........
.....#.......).
.... #.........
#.# ..).....##
.. ........#


You could see an orc wizard, 3 orcs, a leopard gecko and a kobold.

Vanquished Creatures
  4 adders
  3 dart slugs
  A leopard gecko (D:1)
  An orc (D:3)
  4 goblins
  5 hobgoblins
  5 bats
  3 frilled lizards
  4 kobolds
  4 rats
34 creatures vanquished.

Notes
Turn   | Place    | Note
-------+----------+-------------------------------------------
     0 | D:1      | polly the Deep Elf Wizard began the quest for the Orb.
     0 | D:1      | Reached XP level 1. HP: 10/10 MP: 7/7
   375 | D:1      | Reached skill level 5 in Spellcasting
   417 | D:1      | Reached XP level 2. HP: 15/15 MP: 8/10
   915 | D:2      | Reached XP level 3. HP: 19/19 MP: 8/12
  1086 | D:2      | Reached skill level 6 in Spellcasting
  1322 | D:2      | Reached XP level 4. HP: 24/24 MP: 5/14
  1612 | D:3      | Slain by an orc

Vault maps used:
D:1:      dpeg_arrival_shrine, serial_bayou_lake_a
D:2:      kennysheep_generic_room_15
D:3:      grunt_temple_overflow_lords_of_destruction

Skill      XL: |  1  2  3 |
---------------+----------+-----
Spellcasting   | 5 6 |  6.3
Dodging        | |  2.8
Stealth        | |  2.7
Conjurations   | |  1.5
Summonings     | |  1.1
Translocations | |  1.1

Action                   |  1- 3 |  4- 6 || total
-------------------------+-------+-------++-------
 Cast: Magic Dart        |    73 |    21 ||    94
  Eat: Chunk             |       |     2 ||     2
Armor: Robe              |     3 |     2 ||     5
Dodge: Dodged            |    10 |     2 ||    12
